 Dungeon Crawl Stone Soup version 0.16-a0-3940-gf8a207b (webtiles) character file.

50 abixa the Cudgeler (level 3, -1/36 HPs)
             Began as an Ogre Warper on Feb 7, 2015.
             Slain by a giant gecko (4 damage)
             ... on level 2 of the Dungeon.
             The game lasted 00:03:10 (1977 turns).

abixa the Cudgeler (Ogre Warper)                    Turns: 1977, Time: 00:03:10

Health: -1/36      AC:  3    Str: 16    XL:     3   Next: 79%
Magic:  6/6        EV: 10    Int: 12    God:
Gold:   144        SH:  0    Dex: 10    Spells: 1 memorised, 5 levels left

rFire  . . .     SeeInvis .     a - +0 mace
rCold  . . .     Clarity  .     b - +0 robe
rNeg   . . .     SustAb   .     (shield restricted)
rPois  .         Gourm    .     (helmet restricted)
rElec  .         Spirit   .     (no cloak)
rCorr  .         Warding  .     (gloves unavailable)
rMut   .         Stasis   .     (boots unavailable)
MR     .....                    (no amulet)
Stlth  +.........               (no ring)
                                (no ring)

@: lethally poisoned (-1 -> -5), not resistant to hostile enchantments, very
unstealthy
A: unfitting armour, tough skin 1
a: no special abilities


You were on level 2 of the Dungeon.
You were hungry.

You visited 1 branch of the dungeon, and saw 3 of its levels.

You collected 144 gold pieces.

Inventory:

Hand weapons
 a - a +0 mace (weapon)
Missiles
 e - 5 tomahawks of dispersal
 l - 22 sling bullets
 q - 39 stones (quivered)
 t - a throwing net
Armour
 b - a +0 robe (worn)
Jewellery
 k - an uncursed ring of positive energy {unknown}
Scrolls
 d - a scroll of blinking
 i - a scroll of magic mapping {unknown}
 m - 3 scrolls of identify {unknown}
 n - a scroll of teleportation {unknown}
 o - 2 scrolls of remove curse {unknown}
 p - a scroll of fear {unknown}
 u - a scroll of recharging {unknown}
Potions
 r - a potion of curing {unknown}
Books
 c - a book of Spatial Translocations

   Spells                             Type                      Level
   a - Apportation                    Translocation                1
   b - Blink                          Translocation                2
   c - Shroud of Golubria             Charms/Translocation         2
   d - Portal Projectile              Translocation                3
   e - Teleport Other                 Translocation                3
   f - Passage of Golubria            Translocation                4
Comestibles
 f - a meat ration
 h - 3 beef jerkies
 j - 3 slices of pizza


   Skills:
 - Level 2.6 Fighting
 + Level 5.3 Maces & Flails
 - Level 1.1 Throwing
 - Level 0.7 Armour
 - Level 1.7 Dodging
 - Level 2.4 Spellcasting
 - Level 2.1 Translocations


You had 5 spell levels left.
You knew the following spells:

 Your Spells              Type           Power        Failure   Level  Hunger
a - Apportation           Tloc           #.........   12%         1    ##.....


Dungeon Overview and Level Annotations

Branches:
Dungeon (3/15)

Altars:


Innate Abilities, Weirdness & Mutations

You are too large for most types of armour.
You have tough skin (AC +1).


Message History

* * * LOW HITPOINT WARNING * * *
You feel sick.
The giant gecko bites you but does no damage.
You are feeling hungry.
* * * LOW HITPOINT WARNING * * *
You feel sick.
* * * LOW HITPOINT WARNING * * *
You feel sick.
* * * LOW HITPOINT WARNING * * *
You feel sick.
* * * LOW HITPOINT WARNING * * *
You feel sick. The giant gecko closely misses you.
Press: ? - help, v - describe, . - travel
Here: a giant gecko The floor.
Drink which item? (? for menu, Esc to quit)
It was a potion of cancellation.
You feel magically purged.
* * * LOW HITPOINT WARNING * * *
You feel sick. The giant gecko bites you.
You die...

#######.# ####.#### ##.##
#######.#####......[# #.#
............#.......# #.# #
###.#.#.###.#.......# ##+## #
#.#.#.# #.#.......# ##...## #
##.#.#.# #.#.......# ##.....###
##......# #.#.......## ##......[##
##.....####.#........####.........#
+................@lg....'.........'
##..........####.#...####.........#
......####### #.##.## ##...>...##
##.#### #.##########.....### #.#
#.#.......###...## #.######
#.#.#####.# ##'## #.[....#
#.#.#####.# #.# ######.#
#......##.# #.# #.#
###.##.##.####.#####


You could see a giant gecko and a goblin.

Vanquished Creatures
  2 adders
  4 bats
  2 giant cockroaches (D:1)
  5 goblins
  5 hobgoblins
  4 jackals (D:2)
  A kobold (D:2)
  3 giant newts
  3 rats
29 creatures vanquished.

Notes
Turn   | Place    | Note
--------------------------------------------------------------
     0 | D:1      | abixa, the Ogre Warper, began the quest for the Orb.
     0 | D:1      | Reached XP level 1. HP: 22/22 MP: 3/3
    66 | D:1      | Reached skill level 3 in Maces & Flails
   402 | D:1      | Reached XP level 2. HP: 25/29 MP: 5/5
   827 | D:1      | Reached skill level 4 in Maces & Flails
  1051 | D:2      | Reached XP level 3. HP: 22/36 MP: 6/6
  1682 | D:2      | Reached skill level 5 in Maces & Flails
  1977 | D:2      | Slain by a giant gecko

Action                   || total
-------------------------++-------
Melee: Mace              ||   135
Throw: Stone             ||     3
  Use: Potion            ||     1
  Eat: Chunk             ||     3
